 Dungeon Crawl Stone Soup version 0.29.0-4-gdea44cf6ec (webtiles) character file.

Game seed: 6328163991672514910

81 qw the Chopper (level 4, 0/28 HPs)
             Began as a Gargoyle Berserker on Sept 6, 2022.
             Was a Believer of Trog.
             Slain by a goblin
             ... wielding a +0 club
              (1 damage)
             ... on level 2 of the Dungeon.
             The game lasted 00:00:35 (1984 turns).

qw the Chopper (Gargoyle Berserker)                 Turns: 1984, Time: 00:00:36

Health: 0/28       AC:  0    Str: 22    XL:     4   Next: 42%
Magic:  4/4        EV: 14    Int:  8    God:    Trog [**....]
Gold:   179        SH:  0    Dex:  9    Spells: 3/3 levels left

rFire   . . .      SeeInvis .   (weapon currently unavailable)
rCold   . . .      Faith    .   (shield currently unavailable)
rNeg    + . .      Spirit   .   (body armour currently unavailable)
rPois   inf        Reflect  .   (helmet currently unavailable)
rElec   .          Harm     .   (cloak currently unavailable)
rCorr   .          Rampage  .   (gloves currently unavailable)
Will    .....                   (boots currently unavailable)
Stlth   +.........              (no amulet)
HPRegen 0.09/turn               (ring currently unavailable)
MPRegen 0.09/turn               (ring currently unavailable)

@: pig-form, on berserk cooldown, slowed
A: fast, no casting, sickness immunity, AC +3, small, negative energy resistance
1, (electricity resistance), torment resistance 1, petrification resistance
a: Renounce Religion, Berserk, Trog's Hand


You were on level 2 of the Dungeon.
You worshipped Trog.
Trog was pleased with you.
You were a filthy swine.
You visited 1 branch of the dungeon, and saw 2 of its levels.

You collected 179 gold pieces.


Innate Abilities, Weirdness & Mutations

You are a filthy swine.
You move quickly.
Your equipment is almost entirely melded.
You are incapable of wielding weapons or throwing items.
You cannot cast spells.
You are immune to sickness and miasma.
((Your stone body is resilient. (AC +3)))
You are immune to poison.
You resist negative energy. (rN+)
((You are resistant to electric shocks. (rElec)))
You are resistant to unholy torment.
You are immune to petrification.


   Skills:
 - Level 3.2 Fighting
 + Level 4.6 Axes
 - Level 2.1 Armour
 - Level 1.5 Dodging


You had 3 spell levels left.
You didn't know any spells.
Your spell library was empty.

Inventory:

Hand Weapons
 j - a +0 flail
 Y - a +0 hand axe (melded)
Armour
 a - a +0 scale mail
 h - a +0 ring mail (melded)
Jewellery
 l - a +6 ring of dexterity (melded)
Scrolls
 b - a scroll of identify
 c - 3 scrolls of enchant armour {unknown}
Potions
 d - a potion of mutation {unknown}
 g - a potion of haste
 i - a potion of curing {unknown}

Dungeon Overview and Level Annotations

Branches:
Dungeon (2/15)

Altars:

Annotations:
D:2 Sigmund


Message History

You feel clumsy.
You closely miss Sigmund.
Sigmund points at you and mumbles some strange words.
You are confused.
You're too confused to move!
You feel a strong urge to attack something.
Sigmund closely misses you.
Found 2 white potions.
You hit Sigmund.
Sigmund is lightly wounded.
Sigmund misses you.
You are no longer berserk.
You are exhausted.
You feel yourself slow down.
You hit Sigmund.
Sigmund is moderately wounded.
The goblin barely misses you. The goblin hits you with a +0 club.
Sigmund misses you.
You hit the goblin.
The goblin is heavily wounded.
Sigmund barely misses you. The goblin closely misses you.
You feel less confused. The goblin misses you.
Sigmund hits you from afar with a +0 scythe.
You barely miss the goblin.
The goblin is heavily wounded.
The goblin hits you with a +0 club. Sigmund barely misses you.
The goblin hits you with a +0 club.
You hit the goblin but do no damage.
The goblin is moderately wounded.
The goblin hits you with a +0 club.
Sigmund says, "Don't worry, I'll kill you fast."
Sigmund hits you from afar with a +0 scythe!
You hit the goblin.
The goblin is heavily wounded.
The goblin closely misses you. Sigmund completely misses you.
You barely miss the goblin.
The goblin is heavily wounded.
The goblin hits you with a +0 club. x2
You die...

..... #####(#..#..#
.....#####...........##
...!#.................
....#...#.##.#...#..#.
#.....#........#.##.
#.!...........#....
#..@.........####..
##..g..............<
#..h.......######.##
#..........# #.##
#..........# ####
............# #
.###.........# # #
#.........# #
###########


You could see Sigmund and a goblin.

Vanquished Creatures
  4 gnolls
  An adder (D:2)
  2 ball pythons
  A bat (D:1)
  2 endoplasms (D:1)
  2 giant cockroaches
  2 goblins (D:2)
  4 hobgoblins
  4 jackals (D:2)
  4 frilled lizards
  4 kobolds
  3 rats
33 creatures vanquished.

Vanquished Creatures (others)
  4 toadstools (D:1)
4 creatures vanquished.

Grand Total: 37 creatures vanquished

Notes
Turn   | Place    | Note
-------+----------+-------------------------------------------
     0 | D:1      | qw the Gargoyle Berserker began the quest for the Orb.
     0 | D:1      | Reached XP level 1. HP: 14/14 MP: 1/1
     0 | D:1      | 0 ||| qw: Version: 0.1-a-108-g9e35731
     0 | D:1      | 0 ||| qw: Game counter: 6193
     0 | D:1      | 0 ||| qw: Always use a shield: true
     0 | D:1      | 0 ||| qw: Do Orc after D:15 true
     0 | D:1      | 0 ||| qw: Do second Lair branch before Depths: true
     0 | D:1      | 0 ||| qw: Lair rune preference: random
     0 | D:1      | 0 ||| qw: Plans: Normal
     0 | D:1      | 0 ||| PLANNING D:1-11
   115 | D:1      | 115 ||| Stepping ~*~*~tactically~*~*~ (stealth).
   125 | D:1      | 125 ||| Stepping ~*~*~tactically~*~*~ (stealth).
   289 | D:1      | Reached skill level 3 in Axes
   389 | D:1      | Reached XP level 2. HP: 18/19 MP: 2/2
   417 | D:1      | 417 ||| DROPPING +0 club.
   419 | D:1      | 419 ||| Stepping ~*~*~tactically~*~*~ (hiding).
   521 | D:1      | 521 ||| Stepping ~*~*~tactically~*~*~ (hiding).
   623 | D:1      | 623 ||| Stepping ~*~*~tactically~*~*~ (hiding).
   725 | D:1      | 725 ||| Stepping ~*~*~tactically~*~*~ (hiding).
   727 | D:1      | 727 ||| Stepping ~*~*~tactically~*~*~ (hiding).
   729 | D:1      | 729 ||| Stepping ~*~*~tactically~*~*~ (hiding).
   732 | D:1      | 732 ||| INVOKING Berserk.
  1206 | D:1      | Reached XP level 3. HP: 18/23 MP: 3/3
  1273 | D:1      | 1273 ||| UPGRADING to +0 ring mail.
  1283 | D:1      | 1283 ||| DROPPING +0 animal skin.
  1284 | D:1      | 1284 ||| UPGRADING to +6 ring of dexterity.
  1285 | D:1      | 1285 ||| READING scroll labelled LIMUTE UPNOU.
  1286 | D:1      | 1286 ||| READING scroll labelled VAG VIUMUPSA.
  1287 | D:1      | 1287 ||| READING scroll labelled CEAGODEWNE.
  1388 | D:1      | 1388 ||| READING scroll labelled QONAIT SUORGH.
  1392 | D:1      | 1392 ||| DRINKING 2 cyan potions.
  1407 | D:2      | 1407 ||| STAIRDANCE
  1497 | D:2      | 1497 ||| INVOKING Berserk.
  1500 | D:2      | Reached skill level 4 in Axes
  1610 | D:2      | 1610 ||| INVOKING Berserk.
  1617 | D:2      | Reached XP level 4. HP: 28/28 MP: 4/4
  1771 | D:2      | Reached ** piety under Trog
  1936 | D:2      | 1936 ||| Stepping ~*~*~tactically~*~*~ (stealth).
  1938 | D:2      | 1938 ||| Stepping ~*~*~tactically~*~*~ (stealth).
  1965 | D:2      | Noticed Sigmund
  1969 | D:2      | 1969 ||| INVOKING Berserk.
  1982 | D:2      | HP: 2/28 [Sigmund/+0 scythe (7)]
  1984 | D:2      | Slain by a goblin

Levels and vault maps discovered:
D:1:      wheals_arrival_shading, layout_rooms, amcnicky_mini_pool_small,
          minmay_gold_behind_fungi, chequers_decorated_corner
D:2:      layout_basic, uniq_sigmund

Skill      XL: |  1  2  3 |
---------------+----------+-----
Axes           | 3 4 |  4.6
Fighting       | |  3.2
Armour         | |  2.1
Dodging        | |  1.5

Action                   |  1- 3 |  4- 6 || total
-------------------------+-------+-------++-------
Melee: Hand axe          |    63 |    19 ||    82
       Punch             |     1 |       ||     1
       Unarmed           |       |     8 ||     8
Invok: Berserk           |     3 |     1 ||     4
  Use: Scroll            |     4 |       ||     4
       Potion            |     1 |       ||     1
Armor: Animal skin       |     8 |       ||     8
       Ring mail         |     7 |     7 ||    14
Dodge: Dodged            |    21 |    20 ||    41

Table legend:
 A = Non-vault XP
 B = Vault XP
 C = Vault XP percentage of total XP
 D = Non-vault monster count
 E = Vault monster count
 F = Vault count percentage of total count
                 A         B        C        D         E       F
            +---------+---------+-------+---------+---------+-------
      Total |     117 |       0 |   0.0 |      33 |       0 |   0.0
            +---------+---------+-------+---------+---------+-------
        D:1 |      37 |       0 |   0.0 |      16 |       0 |   0.0
        D:2 |      80 |       0 |   0.0 |      17 |       0 |   0.0
            +---------+---------+-------+---------+---------+-------
